cohdb
Replays
Latest Replays
All Replays
Popular Replays
Top Player Replays
Match Explorer
How It Works
Community
CoH3 Stats
Reddit
Sign in to upload your games and track your stats! →
Sign in with Steam
Match 41021780
Unlisted
Match 41021780
Overview
Messages
Build Orders
End
Panzerpioneer Squad
Kradschützen Motorcycle Team
Selects Armored Support Battlegroup
Panzergrenadier Squad
Panzergrenadier Squad
Construct Light Support Kompanie
2.5-tonne Medical Truck
Panzerjäger Squad
Construct Mechanized Kompanie
Combat Half-tracks
Assault Mechanized Group
Selects Superior Fire Drills
8 Rad Armored Car
Guziol#
Bootyquake
0
0
Comments
sign in to comment!
No comments posted yet!